 Dungeon Crawl Stone Soup version 0.30-a0-613-gdd512c7efb (webtiles) character file.

Game seed: 3480105666406498952

193 acebull12 the Grasshopper (level 5, 0/26 HPs)
             Began as a Spriggan Warper on Jan 8, 2023.
             Killed by divine providence
             ... invoked by an orc priest
              (15 damage)
             ... on level 4 of the Dungeon.
             The game lasted 00:14:12 (3553 turns).

acebull12 the Grasshopper (Spriggan Warper)         Turns: 3553, Time: 00:14:12

Health: 0/26       AC:  4    Str:  7    XL:     5   Next: 43%
Magic:  11/11      EV: 18    Int: 14    God:
Gold:   91         SH:  0    Dex: 17    Spells: 4/11 levels left

rFire   . . .      SeeInvis +    j - +0 dagger (venom)
rCold   . . .      Faith    .    (no shield)
rNeg    . . .      Spirit   .    b - +0 robe
rPois   .          Reflect  .    (helmet restricted)
rElec   .          Harm     .    t - +1 cloak
rCorr   .          Rampage  .    (gloves unavailable)
Will    .....                    (boots unavailable)
Stlth   ++                       (no amulet)
HPRegen 0.24/turn                (no ring)
MPRegen 0.12/turn                (no ring)

@: very quick
A: very small, no large weapons, unfitting armour, see invisible, speed 3
a: no special abilities


You were on level 4 of the Dungeon.
You visited 1 branch of the dungeon, and saw 4 of its levels.

You collected 91 gold pieces.

Inventory:

Hand Weapons
 j - a +0 dagger of venom (weapon)
Missiles
 d - 7 boomerangs of dispersal (quivered)
Armour
 b - a +0 robe (worn)
 t - a +1 cloak (worn)
Jewellery
 k - a ring of ice
Wands
 r - a wand of roots (13)
Scrolls
 a - a scroll of enchant armour {unknown}
 c - a scroll of blinking
 f - 2 scrolls of brand weapon {unknown}
 g - a scroll of poison {unknown}
 h - 2 scrolls of magic mapping {unknown}
 i - a scroll of summoning {unknown}
 l - a scroll of vulnerability {unknown}
 n - 5 scrolls of identify {unknown}
 o - 2 scrolls of teleportation {unknown}
 p - a scroll of noise {unknown}
 q - 2 scrolls of enchant weapon {unknown}
Potions
 e - 2 potions of curing {unknown}
 m - a potion of heal wounds {unknown}
 s - a potion of flight {unknown}


   Skills:
 + Level 2.1 Fighting
 + Level 3.4 Short Blades
 - Level 1.0 Throwing
 + Level 4.0 Dodging
 * Level 2.2 Stealth
 * Level 3.6 Spellcasting
 * Level 0.4 Hexes
 * Level 6.0 Translocations
 * Level 0.4 Air Magic


You had 4 spell levels left.
You knew the following spells:

 Your Spells              Type           Power      Damage    Failure   Level
a - Blink                 Tloc           38%        N/A       2%          2
b - Vhi's Electric Charg  Tloc/Air       22%        N/A       16%         3
c - Ensorcelled Hibernat  Hex/Ice        6%         N/A       28%         2

Your spell library contained the following spells:

 Spells                   Type           Power      Damage    Failure   Level
 Lesser Beckoning         Tloc           38%        N/A       4%          3
 Teleport Other           Tloc           19%        N/A       4%          3
 Momentum Strike          Conj/Tloc      22%        3d8       9%          2
 Manifold Assault         Tloc           19%        N/A       17%         4
 Necrotise                Necr           8%         1d4       21%         1
 Passwall                 Tmut/Erth      1%         N/A       30%         2
 Swiftness                Air            3%         N/A       45%         3
 Vampiric Draining        Necr           2%         2d6       52%         3
 Agony                    Necr           2%         N/A       99%         5


Dungeon Overview and Level Annotations

Branches:
Dungeon (4/15)
 Temple: D:4-7

Altars:
Ashenzari

Shops:
D:3 *

Annotations:
D:3 Grinder


Innate Abilities, Weirdness & Mutations

You are very small and have problems with some larger weapons.
You are too small for most types of armour.
You have supernaturally acute eyesight. (SInv)
You cover ground extremely quickly. (Speed+++)


Message History

There is a stone staircase leading up, spattered with blood here.
You climb upwards.
Level annotation: Grinder
There is a stone staircase leading down here.
You start resting.
HP restored.
You climb downwards.
There is a stone staircase leading up, spattered with blood here.
o - 2 scrolls labelled ZOLAUDWU EMEON (gained 1)
There is a stone staircase leading up, spattered with blood here.
Items here: )) [ †.
You see here a +0 club.
Found 7 stones.
The dart slug launches a dart at you. The slug dart misses you.
Found 6 stones.
The dart slug launches a dart at you. The slug dart hits you.
You hit the dart slug.
The dart slug is heavily wounded.
The dart slug bites you but does no damage.
You hit the dart slug.
The dart slug is heavily wounded.
You hit the dart slug but do no damage.
The dart slug is poisoned.
The dart slug is heavily wounded.
You kill the dart slug!
You see here a dart slug corpse.
You start resting.
HP restored.
The orc priest calls down the wrath of Beogh upon you.
Beogh smites you!
Ouch! That really hurt!
You hear a shout! x2
You see here a dart slug corpse.
You start resting.
An orc priest is nearby!
The orc priest mumbles some strange prayers to Beogh against you.
Beogh smites you!
Ouch! That really hurt!
You die...

#..##.# #..# #..## .# #..##.#
#..####..## .# #..##.# #
#.........# .# #(.##.####(#
##.####...# #........#.# #.#
#...... #...†......# #.#
#........ ##.##.##.######.#
#.#######
#.##........##.####.#######..
#........o.....@)<...........
#.#####........############.#
#...........####
#######.....# #.#.### #.#.#
#.#.# #.#.# #.#.#


You could see an orc priest.

Vanquished Creatures
  An orc wizard (D:4)
  Ijyb (D:3)
  4 gnolls
  An adder (D:4)
  3 worms
  2 dart slugs
  9 orcs
  4 endoplasms
  3 giant cockroaches (D:2)
  7 goblins
  5 hobgoblins
  3 jackals (D:1)
  3 kobolds
  2 quokkas
  7 ball pythons
  8 bats
  5 frilled lizards
  5 rats
73 creatures vanquished.

Notes
Turn   | Place    | Note
-------+----------+-------------------------------------------
     0 | D:1      | acebull12 the Spriggan Warper began the quest for the Orb.
     0 | D:1      | Reached XP level 1. HP: 10/10 MP: 5/5
   223 | D:1      | Reached XP level 2. HP: 15/15 MP: 6/6
   371 | D:1      | Reached skill level 5 in Translocations
  1100 | D:2      | Reached XP level 3. HP: 17/18 MP: 8/8
  2046 | D:3      | Learned a level 2 spell: Blink
  2209 | D:3      | Reached skill level 1 in Stealth
  2434 | D:2      | Reached XP level 4. HP: 15/23 MP: 9/9
  2621 | D:3      | Found Gacut's Assorted Antiques.
  2824 | D:3      | Noticed Grinder
  2842 | D:3      | Noticed Ijyb
  2859 | D:3      | Killed Ijyb
  2860 | D:3      | Reached XP level 5. HP: 22/26 MP: 11/11
  2936 | D:3      | Learned a level 3 spell: Vhi's Electric Charge
  3034 | D:3      | Learned a level 2 spell: Ensorcelled Hibernation
  3169 | D:4      | Found a broken altar of Ashenzari.
  3407 | D:4      | Reached skill level 6 in Translocations
  3553 | D:4      | Killed from afar by an orc priest

Illustrated notes

Levels and vault maps discovered:
D:1:      lightli_arrival_statue_moat, layout_basic
D:2:      layout_basic
D:3:      layout_rooms, serial_shops, shop, minmay_misc_feat_nine_boxes,
          uniq_grinder, uniq_ijyb
D:4:      layout_loops_ring, grunt_gozag_breadcrumbs, kennysheep_mini_moat

Skill      XL: |  1  2  3  4  5 |
---------------+----------------+-----
Translocations | 5 6 |  6.0
Spellcasting   | 3 |  3.6
Stealth        | 1 2 |  2.2
Fighting       | 2 |  2.1
Short Blades   | 3 |  3.4
Dodging        | 4 |  4.0
Throwing       | |  1.0
Hexes          | |  0.4
Air Magic      | |  0.4

Action                   |  1- 3 |  4- 6 || total
-------------------------+-------+-------++-------
Melee: Short sword       |    40 |       ||    40
       Dagger            |    97 |    92 ||   189
       Punch             |       |     1 ||     1
 Stab: Sleeping          |     3 |       ||     3
Armor: Robe              |    14 |     8 ||    22
Dodge: Dodged            |    84 |    56 ||   140

Table legend: (Time is in decaauts)
 A = Elapsed time spent in this place.
 B = Non-inter-level travel time spent in this place.
 C = Inter-level travel time spent in this place.
 D = Time resting spent in this place.
 E = Time spent auto-exploring this place.
 F = Levels seen in this place.
 G = Mean time per level.
                   A        B        C        D        E       F      G
               +--------+--------+--------+--------+--------+-----+--------+
         Total |   2491 |   2220 |    271 |    354 |    926 |   4 |  622.8 |
       Dungeon |   2491 |   2220 |    271 |    354 |    926 |   4 |  622.8 |
               +--------+--------+--------+--------+--------+-----+--------+

Top non-repeatable levels by time:
     D:2: 988 daAuts
     D:1: 691 daAuts
     D:3: 669 daAuts
     D:4: 142 daAuts
